[Event "Titled Tuesday Blitz February 22 Early 2022"]
[White "Markelova, Lubov"]
[Black "Sargissyan, Sargis"]
[WhiteFideId "24131369"]
[BlackFideId "13303210"]
[WhiteElo "1820"]
[BlackElo "2174"]
[Result "0-1"]
[Round "03"]
[TimeControl "180+1"]
[Date "2022.02.22"]
[WhiteClock "0:00:26"]
[BlackClock "0:00:49"]

1. Nf3 Nf6 2. c4 g6 3. Nc3 Bg7 4. e4 d6 5. d4 O-O 6. Be2 e5 7. d5 a5 8. Bg5 h6 9. Bh4 Na6 10. Nd2 h5 11. O-O Bh6 12. f3 Be3+ 13. Kh1 g5 14. Bf2 Bxf2 15. Rxf2 Kg7 16. a3 Bd7 17. b4 axb4 18. axb4 Nxb4 19. Rxa8 Qxa8 20. Qb3 Na6 21. Qa3 Nc5 22. Qb4 h4 23. Rf1 Nh5 24. Nb3 Ng3+ 25. Kg1 Nxb3 26. Qxb3 Nxf1 27. Bxf1 Qa7+ 28. Kh1 Qf2 29. Qd1 Ra8 0-1


[Site "https://www.chess.com"]

[Event "Titled Tuesday Blitz February 22 Early 2022"]
[White "Martin, Lewis"]
[Black "Steenbekkers, Franck"]
[WhiteFideId "410551"]
[BlackFideId "1004220"]
[WhiteElo "2145"]
[BlackElo "2134"]
[Result "1-0"]
[Round "03"]
[TimeControl "180+1"]
[Date "2022.02.22"]
[WhiteClock "0:02:03"]
[BlackClock "0:02:12"]

1. e4 e6 2. d4 d5 3. Nd2 Nc6 4. Ngf3 Nf6 5. e5 Nd7 6. Bb5 a6 7. Bxc6 bxc6 8. O-O c5 9. c3 cxd4 10. cxd4 c5 11. Qa4 Be7 12. dxc5 Bxc5 13. b4 Ba7 14. Bb2 O-O 15. Rac1 f6 16. Qc6 Rb8 17. Qxe6+ Kh8 18. Qxd5 fxe5 19. Nxe5 Nxe5 20. Qxe5 Rg8 21. Ne4 Rxb4 22. Nd6 Rxb2 23. Nf7# 1-0


[Site "https://www.chess.com"]

[Event "Titled Tuesday Blitz February 22 Early 2022"]
[White "Matinian, Nikita"]
[Black "Urazayev, Arystanbek"]
[WhiteFideId "24129100"]
[BlackFideId "13709810"]
[WhiteElo "2422"]
[BlackElo "2321"]
[Result "1-0"]
[Round "03"]
[TimeControl "180+1"]
[Date "2022.02.22"]
[WhiteClock "0:00:24"]
[BlackClock "0:00:06"]

1. e4 c5 2. Nc3 e6 3. f4 d5 4. Nf3 Nc6 5. Bb5 Nf6 6. Qe2 Be7 7. e5 Nd7 8. Bxc6 bxc6 9. g4 a5 10. f5 Bh4+ 11. Kd1 Ba6 12. d3 h6 13. Bf4 Be7 14. b3 c4 15. Nd4 Qb6 16. Be3 c5 17. Na4 Qb7 18. fxe6 cxd4 19. exd7+ Qxd7 20. Bxd4 cxd3 21. cxd3 O-O 22. Nb6 Qe6 23. Nxa8 Rxa8 24. Rf1 Qg6 25. Rf5 Bc8 26. Qf3 Be6 27. Rb1 Ba3 28. Bb2 Bxb2 29. Rxb2 Bxf5 30. Qxf5 Qb6 31. Qf2 Qb4 32. d4 a4 33. bxa4 Qxa4+ 34. Ke1 Rc8 35. Kf1 Qd1+ 36. Qe1 Qxg4 37. Rd2 Rc3 38. Rf2 Qxd4 39. e6 1-0


[Site "https://www.chess.com"]

[Event "Titled Tuesday Blitz February 22 Early 2022"]
[White "Mejia, Cherry Ann"]
[Black "Golizadeh, Asghar"]
[WhiteFideId "5206880"]
[BlackFideId "12505269"]
[WhiteElo "2007"]
[BlackElo "2403"]
[Result "0-1"]
[Round "03"]
[TimeControl "180+1"]
[Date "2022.02.22"]
[WhiteClock "0:00:24"]
[BlackClock "0:00:37"]

1. e4 c5 2. Nc3 g6 3. g3 Bg7 4. d3 Nc6 5. Be3 d6 6. Qd2 e6 7. Bg2 Nd4 8. Nd1 Rb8 9. c3 Nc6 10. Ne2 b5 11. d4 cxd4 12. cxd4 Nge7 13. Bh6 O-O 14. h4 d5 15. h5 Qa5 16. Ndc3 b4 17. Bxg7 bxc3 18. bxc3 Kxg7 19. hxg6 Nxg6 20. e5 Rh8 21. Qh6+ Kg8 22. Bf3 Nxd4 23. Bh5 Nxe2 24. Bxg6 Qxc3+ 25. Kxe2 Ba6+ 26. Kd1 Qxa1+ 27. Kd2 Qd4+ 28. Kc1 Rc8+ 29. Bc2 Qe4 30. Qg5+ Kf8 31. Qd8+ Rxd8 32. Bxe4 dxe4 33. Re1 Ke7 34. Rxe4 Rd5 35. f4 Rc8+ 36. Kb2 Rb5+ 37. Ka3 Rc3+ 38. Ka4 Rbc5 39. Rb4 R3c4 40. a3 Rxb4+ 41. axb4 Rc2 42. b5 Bxb5+ 43. Kxb5 Rg2 44. Ka6 Rxg3 45. Kxa7 Rf3 46. Kb6 Rxf4 47. Kc7 Re4 48. Kc6 Rxe5 0-1


[Site "https://www.chess.com"]

[Event "Titled Tuesday Blitz February 22 Early 2022"]
[White "Melaugh, Shane"]
[Black "Kornyukov, Alexey"]
[WhiteFideId "2509580"]
[BlackFideId "4150457"]
[WhiteElo "2000"]
[BlackElo "2303"]
[Result "1-0"]
[Round "03"]
[TimeControl "180+1"]
[Date "2022.02.22"]
[WhiteClock "0:02:01"]
[BlackClock "0:02:21"]

1. e4 c5 2. b3 e5 3. Bb2 Nc6 4. Bc4 Nf6 5. Nf3 d6 6. Ng5 d5 7. exd5 Nxd5 8. Nxf7 Kxf7 9. Qf3+ Ke6 10. Nc3 Nb4 11. O-O b6 12. a3 Nxc2 13. Bxd5+ Ke7 14. Qf7+ Kd6 15. Nb5# 1-0


[Site "https://www.chess.com"]

[Event "Titled Tuesday Blitz February 22 Early 2022"]
[White "Mikhailovsky, Vladimir"]
[Black "Demchenko, Anton"]
[WhiteFideId "34105414"]
[BlackFideId "4160258"]
[WhiteElo "2371"]
[BlackElo "2539"]
[Result "0-1"]
[Round "03"]
[TimeControl "180+1"]
[Date "2022.02.22"]
[WhiteClock "0:00:01"]
[BlackClock "0:00:23"]

1. d4 Nf6 2. c4 d6 3. Nc3 e5 4. Nf3 Nbd7 5. e4 Be7 6. Be2 c6 7. O-O Qc7 8. Re1 Nf8 9. b3 Ng6 10. Bb2 O-O 11. Qd2 Re8 12. Rad1 Bf8 13. h3 a6 14. Bf1 b5 15. g3 b4 16. Na4 c5 17. dxe5 dxe5 18. Bg2 Bb7 19. Nh2 Bc6 20. Nf1 Qb7 21. f3 Bxa4 22. bxa4 Qc6 23. Qc2 Nd7 24. Ne3 a5 25. h4 h5 26. Nd5 Nb6 27. Nxb6 Qxb6 28. Bh3 Rad8 29. Bd7 Re7 30. Bb5 Re6 31. Kg2 Be7 32. Rd5 Bxh4 33. gxh4 Nxh4+ 34. Kf2 Rf6 35. Re3 Rg6 36. Re2 Qf6 37. Rxd8+ Qxd8 38. Qd2 Qf6 39. Qe3 Ng2 40. Qxc5 Qh4+ 41. Kf1 Nf4 42. Rf2 Qh1# 0-1


[Site "https://www.chess.com"]

[Event "Titled Tuesday Blitz February 22 Early 2022"]
[White "Mikhalsky, Vladimir"]
[Black "Fonseca Manrique, Enrique"]
[WhiteFideId "14144352"]
[BlackFideId "5114330"]
[WhiteElo "2248"]
[BlackElo "2598"]
[Result "1-0"]
[Round "03"]
[TimeControl "180+1"]
[Date "2022.02.22"]
[WhiteClock "0:00:21"]
[BlackClock "0:00:21"]

1. c4 e5 2. Nc3 Nf6 3. g3 Nc6 4. Bg2 Bb4 5. e3 Bxc3 6. bxc3 e4 7. f3 exf3 8. Nxf3 O-O 9. Nd4 Ne5 10. d3 d5 11. c5 Bg4 12. Qc2 Bh5 13. O-O Bg6 14. Nf5 Qd7 15. Bh3 Qb5 16. Ne7+ Kh8 17. Nxg6+ hxg6 18. Rd1 Rfe8 19. Rb1 Qa6 20. Bf1 Neg4 21. Re1 Qc6 22. h3 Ne5 23. Bg2 b6 24. c4 Rad8 25. d4 Ned7 26. cxd5 Nxd5 27. e4 Nb4 28. Qb3 a5 29. Be3 bxc5 30. Qxf7 Nf6 31. Qxg6 cxd4 32. e5 Qc2 33. Qxc2 Nxc2 34. exf6 Nxe1 35. fxg7+ Kxg7 36. Bg5 Rd5 37. Bxd5 Nc2 38. Bf4 Nb4 39. Bf3 Kf6 40. Rc1 Nd3 41. Rd1 Nxf4 42. gxf4 c5 43. Rc1 Rc8 44. Kf2 Kf5 45. Kg3 c4 46. Bg4+ Kf6 47. Bxc8 1-0


[Site "https://www.chess.com"]

[Event "Titled Tuesday Blitz February 22 Early 2022"]
[White "Mirzanurov, Bulat"]
[Black "Dauner, Benedikt"]
[WhiteFideId "4184521"]
[BlackFideId "16225899"]
[WhiteElo "2116"]
[BlackElo "2230"]
[Result "0-1"]
[Round "03"]
[TimeControl "180+1"]
[Date "2022.02.22"]
[WhiteClock "0:00:07"]
[BlackClock "0:00:33"]

1. e4 e5 2. Nf3 Nc6 3. Bc4 Nf6 4. d3 h6 5. O-O g6 6. Re1 Bg7 7. c3 O-O 8. d4 d6 9. h3 exd4 10. cxd4 d5 11. exd5 Nxd5 12. Nc3 Be6 13. Nxd5 Bxd5 14. Bxd5 Qxd5 15. Be3 Rad8 16. Qb3 Qxb3 17. axb3 Rd5 18. Red1 Rfd8 19. Ra4 a6 20. Kf1 Kh7 21. Ke2 f5 22. g3 g5 23. Rc4 Re8 24. Kd3 g4 25. hxg4 fxg4 26. Nh4 Ne5+ 27. Kc3 Nxc4 28. bxc4 Rh5 29. Ng2 c5 30. Nf4 Rh2 31. Kb3 cxd4 32. Bxd4 Bxd4 33. Rxd4 Rxf2 34. Rd7+ Kg8 35. Rxb7 Re3+ 36. Ka4 Rxg3 37. Nh5 Rh3 38. Ng7 Rf7 39. Rxf7 Kxf7 40. Nf5 g3 41. Nxg3 Rxg3 42. c5 Ke6 0-1


[Site "https://www.chess.com"]

[Event "Titled Tuesday Blitz February 22 Early 2022"]
[White "Mohammad Fahad, Rahman"]
[Black "Ozates, Tuna"]
[WhiteFideId "10207791"]
[BlackFideId "6354521"]
[WhiteElo "2323"]
[BlackElo "1872"]
[Result "1-0"]
[Round "03"]
[TimeControl "180+1"]
[Date "2022.02.22"]
[WhiteClock "0:01:39"]
[BlackClock "0:01:56"]

1. Nf3 c5 2. e4 Nc6 3. Bb5 g6 4. O-O Bg7 5. Re1 e5 6. c3 Nge7 7. d3 O-O 8. Nbd2 d6 9. Nf1 h6 10. Ng3 f5 11. exf5 gxf5 12. Nh5 Qe8 13. Nxg7 Kxg7 14. d4 cxd4 15. cxd4 e4 16. d5 exf3 17. dxc6 bxc6 18. Qxf3 Bd7 19. Qg3+ Kh7 20. Qxd6 Nc8 21. Qxh6+ 1-0


[Site "https://www.chess.com"]

[Event "Titled Tuesday Blitz February 22 Early 2022"]
[White "Moroni, Luca Jr"]
[Black "Rustemov, Alexander"]
[WhiteFideId "865834"]
[BlackFideId "4119002"]
[WhiteElo "2573"]
[BlackElo "2719"]
[Result "1-0"]
[Round "03"]
[TimeControl "180+1"]
[Date "2022.02.22"]
[WhiteClock "0:00:08"]
[BlackClock "0:00:01"]

1. c4 e6 2. Nc3 d5 3. d4 Be7 4. cxd5 exd5 5. Bf4 c6 6. e3 Bd6 7. Bxd6 Qxd6 8. Bd3 Ne7 9. Nf3 Bf5 10. O-O O-O 11. Rb1 Nd7 12. b4 a6 13. a4 b5 14. a5 Rfe8 15. Na2 Bxd3 16. Qxd3 g6 17. Nc1 Nf5 18. Qc2 Qe6 19. Nd3 Rac8 20. Nfe5 Nd6 21. Nxd7 Qxd7 22. Nc5 Qa7 23. Rbe1 Re7 24. f3 f5 25. Re2 Rce8 26. Rfe1 Nc4 27. e4 fxe4 28. fxe4 dxe4 29. Rxe4 Nd6 30. Qa2+ Kh8 31. Re6 Rxe6 32. Rxe6 Qf7 33. Qf2 Qxf2+ 34. Kxf2 Rf8+ 35. Ke1 Nf5 36. Rxc6 Nxd4 37. Rxa6 Nc2+ 38. Ke2 Nxb4 39. Rb6 Nd5 40. Rb7 Rc8 41. a6 Rxc5 42. a7 Rc2+ 43. Kf3 Ra2 44. Rb8+ Kg7 45. a8=Q Rxa8 46. Rxa8 b4 47. Ra5 Nc3 48. Ra7+ Kh6 49. Rb7 Nd5 50. Rb5 Ne7 51. Rxb4 Nf5 52. Rb7 Nh4+ 53. Kf2 Nf5 54. g4 Nd6 55. Rd7 Ne4+ 56. Kf3 Nf6 57. Ra7 Nd5 58. h4 g5 59. Ra6+ Kg7 60. hxg5 Nb4 61. Rd6 Nc2 62. Kf4 Nb4 63. Kf5 Nc2 64. Rd7+ Kg8 65. g6 Ne3+ 66. Kg5 hxg6 67. Kxg6 1-0


[Site "https://www.chess.com"]

[Event "Titled Tuesday Blitz February 22 Early 2022"]
[White "Moskvin, Anatoly"]
[Black "Nosacheva, Mariya"]
[WhiteFideId "24199990"]
[BlackFideId "34111422"]
[WhiteElo "2079"]
[BlackElo "2055"]
[Result "1-0"]
[Round "03"]
[TimeControl "180+1"]
[Date "2022.02.22"]
[WhiteClock "0:00:11"]
[BlackClock "0:00:19"]

1. e4 c5 2. Nf3 d6 3. d4 cxd4 4. Nxd4 Nf6 5. f3 g6 6. c4 Bg7 7. Nc3 O-O 8. Be3 Nc6 9. Rc1 Nxd4 10. Bxd4 Nd7 11. Be2 Nc5 12. O-O Bxd4+ 13. Qxd4 a5 14. Rfd1 Bd7 15. b3 Qc8 16. Nd5 Qd8 17. Qe3 e5 18. Qh6 Ra6 19. h4 Bc6 20. Ne3 Ne6 21. c5 Nd4 22. Bxa6 bxa6 23. Kh2 f5 24. cxd6 f4 25. Ng4 Qxd6 26. h5 Kf7 27. Qxh7+ Ke8 28. hxg6 Qf6 29. Nxf6+ 1-0


[Site "https://www.chess.com"]

[Event "Titled Tuesday Blitz February 22 Early 2022"]
[White "Muradli, Mahammad"]
[Black "King, Alexander"]
[WhiteFideId "13409301"]
[BlackFideId "2063620"]
[WhiteElo "2645"]
[BlackElo "2306"]
[Result "0-1"]
[Round "03"]
[TimeControl "180+1"]
[Date "2022.02.22"]
[WhiteClock "0:00:04"]
[BlackClock "0:00:03"]

1. g3 d5 2. Bg2 e5 3. c4 d4 4. d3 c5 5. b4 cxb4 6. a3 Nc6 7. Nf3 Nf6 8. O-O a5 9. Bg5 h6 10. Bxf6 Qxf6 11. axb4 Bxb4 12. Na3 O-O 13. Nd2 Qe7 14. Nb5 Be6 15. Qc2 Rac8 16. Rfb1 b6 17. Qd1 Nb8 18. Nf3 Bd7 19. Qa4 Bc6 20. Nh4 Bxg2 21. Kxg2 Na6 22. Qd1 Nc5 23. Nf3 Rcd8 24. Ra2 Rfe8 25. Qc2 Rd7 26. Rd1 Qf6 27. h3 g6 28. h4 h5 29. Raa1 Kg7 30. Ng5 Qc6+ 31. Nf3 Re6 32. Rab1 Ree7 33. Rb2 Qf6 34. Qb1 Re8 35. Ra2 Qc6 36. Rb2 Rde7 37. Kg1 Rd8 38. Qc2 Qf6 39. Ng5 Qf5 40. Qb1 f6 41. Nf3 Rdd7 42. Rxb4 axb4 43. Qxb4 Qe6 44. Ra1 Qc6 45. Qb2 Re8 46. Na7 Qb7 47. Nb5 Ra8 48. Rb1 Qc6 49. Nd2 Ra5 50. Nb3 Nxb3 51. Qxb3 Qc5 52. Qd1 Re7 53. Qf1 e4 54. Qg2 exd3 55. exd3 Qf5 56. Rd1 Ra2 57. Nxd4 Qc5 58. Nf3 Ree2 59. d4 Qxc4 60. Rf1 Qd5 61. Rc1 Rxf2 62. Qxf2 Rxf2 63. Kxf2 b5 64. Rc5 Qb3 65. d5 Qb2+ 66. Ke3 b4 67. Rc7+ Kf8 68. d6 Ke8 69. Nd4 Qa3+ 70. Ke4 Qa5 71. Re7+ Kf8 72. Ne6+ Kg8 73. d7 Qe5+ 74. Kd3 Qd6+ 75. Kc4 Qxe7 76. d8=Q+ Qxd8 77. Nxd8 Kf8 78. Kxb4 Ke7 79. Nc6+ Kd6 80. Nd8 Ke5 81. Kc4 g5 82. Nf7+ Kf5 83. Nh6+ Ke4 84. Ng8 Kf5 85. Nh6+ Ke4 86. Ng8 Kf5 87. Kd3 gxh4 88. Nxf6 h3 89. Nxh5 h2 90. g4+ Kxg4 91. Nf6+ Kf3 92. Ne4 h1=Q 93. Nd2+ Kf2 94. Nc4 Qf3+ 95. Kd4 Qd1+ 96. Kc3 Kf3 97. Nd2+ Kf4 98. Nc4 Qc1+ 99. Kd3 Qd1+ 100. Kc3 Qe1+ 101. Kd3 Qe4+ 102. Kc3 Qd5 103. Kb4 Qd4 104. Kb5 Ke4 105. Nb6 Qc3 106. Ka6 Kd4 107. Kb7 Qc5 108. Ka6 Qc6 109. Ka7 Kc5 110. Na8 Qa4+ 111. Kb8 Qc6 112. Ka7 Qd7+ 113. Kb8 Kc6 114. Nc7 Qxc7+ 115. Ka8 Qb7# 0-1


[Site "https://www.chess.com"]

[Event "Titled Tuesday Blitz February 22 Early 2022"]
[White "Murthy, Pappu"]
[Black "Kamsky, Gata"]
[WhiteFideId "2013401"]
[BlackFideId "2000024"]
[WhiteElo "1927"]
[BlackElo "2645"]
[Result "0-1"]
[Round "03"]
[TimeControl "180+1"]
[Date "2022.02.22"]
[WhiteClock "0:01:11"]
[BlackClock "0:01:24"]

1. c4 e5 2. Nc3 Nc6 3. g3 Bc5 4. Bg2 d6 5. Nf3 a6 6. O-O Nf6 7. e3 O-O 8. d4 Ba7 9. h3 h6 10. b3 Rb8 11. dxe5 Nxe5 12. Nxe5 dxe5 13. Ba3 Qxd1 14. Raxd1 Re8 15. Kh2 e4 16. Nd5 Nxd5 17. cxd5 Bd7 18. Rd2 c5 19. dxc6 Bxc6 20. Rfd1 h5 21. g4 h4 22. Bf1 b5 23. Bd6 Rbc8 24. b4 Bb6 25. a3 f6 26. Be2 Kf7 27. Bf4 Red8 28. Rxd8 Rxd8 29. Rxd8 Bxd8 30. Bd6 Ke6 31. Bc5 Bc7+ 32. Kg2 Be5 33. Kf1 Bb2 34. a4 bxa4 35. Bxa6 a3 36. Bc4+ Bd5 0-1


[Site "https://www.chess.com"]

[Event "Titled Tuesday Blitz February 22 Early 2022"]
[White "Namitbir Singh Walia"]
[Black "Demin, Vladimir"]
[WhiteFideId "35071068"]
[BlackFideId "4167457"]
[WhiteElo "1479"]
[BlackElo "2569"]
[Result "0-1"]
[Round "03"]
[TimeControl "180+1"]
[Date "2022.02.22"]
[WhiteClock "0:00:12"]
[BlackClock "0:00:58"]

1. d4 Nf6 2. c4 e5 3. dxe5 Ng4 4. Nf3 Bc5 5. e3 Nc6 6. Nc3 O-O 7. Be2 Re8 8. O-O Ngxe5 9. Nxe5 Nxe5 10. b3 a5 11. Bb2 Ra6 12. Ne4 Ba7 13. c5 Rh6 14. Qd4 Qh4 15. f4 d6 16. fxe5 dxe5 17. Qc4 Be6 18. Qa4 c6 19. Bxe5 Bd5 20. Nf6+ gxf6 21. Qxh4 Rxh4 22. Bxf6 Rhe4 23. Bf3 Rxe3 24. Bxd5 cxd5 25. Rac1 R3e4 26. Rc3 R8e6 27. Rg3+ Kf8 28. Rh3 Bxc5+ 29. Kh1 Rxf6 0-1


[Site "https://www.chess.com"]

[Event "Titled Tuesday Blitz February 22 Early 2022"]
[White "Nazari, Arad"]
[Black "Krzywda, Andrzej"]
[WhiteFideId "12577324"]
[BlackFideId "1114565"]
[WhiteElo "2120"]
[BlackElo "2098"]
[Result "0-1"]
[Round "03"]
[TimeControl "180+1"]
[Date "2022.02.22"]
[WhiteClock "0:00:01"]
[BlackClock "0:00:39"]

1. Nf3 c5 2. e3 g6 3. d4 Bg7 4. c3 Qc7 5. Bd3 Nf6 6. Nbd2 O-O 7. O-O d5 8. dxc5 Qxc5 9. Qe2 Nbd7 10. e4 dxe4 11. Nxe4 Nxe4 12. Bxe4 Nf6 13. Bd3 Bg4 14. h3 Bxf3 15. Qxf3 Qb6 16. Qe2 Rfd8 17. Be3 Qc7 18. Rfd1 Nd5 19. Bg5 Bf6 20. Be4 Nf4 21. Bxf4 Qxf4 22. Bxb7 Rxd1+ 23. Rxd1 Rb8 24. Bd5 h5 25. Bb3 h4 26. Qd3 Kg7 27. Re1 Be5 28. Qd5 Bd6 29. Re4 Qc1+ 30. Qd1 Qxd1+ 31. Bxd1 Rxb2 32. Kf1 Rxa2 33. Ra4 Rd2 34. Ke1 Rd3 0-1


[Site "https://www.chess.com"]

[Event "Titled Tuesday Blitz February 22 Early 2022"]
[White "Nesterov, Arseniy"]
[Black "Agibileg, Uurtsaikh"]
[WhiteFideId "24198455"]
[BlackFideId "4901606"]
[WhiteElo "2489"]
[BlackElo "2205"]
[Result "0-1"]
[Round "03"]
[TimeControl "180+1"]
[Date "2022.02.22"]
[WhiteClock "0:00:07"]
[BlackClock "0:00:11"]

1. d4 Nf6 2. c4 g6 3. Nc3 Bg7 4. e4 d6 5. Be2 O-O 6. Be3 e5 7. d5 Na6 8. g4 Nc5 9. f3 h5 10. g5 Nh7 11. h4 f6 12. gxf6 Bxf6 13. Bf2 a5 14. Qd2 a4 15. O-O-O Bg7 16. Kb1 Rf4 17. Nh3 Bxh3 18. Rxh3 Nf8 19. Rg1 c6 20. Be3 Qf6 21. dxc6 bxc6 22. Nd5 Qe6 23. Bxf4 cxd5 24. Bg5 Rb8 25. Qxd5 Qxd5 26. cxd5 Kf7 27. Rhg3 Rb7 28. R3g2 Bf6 29. Bxf6 Kxf6 30. Rc1 Nfd7 31. Bf1 Rb4 32. Rc4 Rb8 33. Rgc2 g5 34. Bh3 Nb6 35. Rb4 gxh4 36. Rc3 Kg5 37. b3 Kf4 38. bxa4 Nbxa4 39. Rc4 Nc3+ 40. Kc2 Rxb4 41. Rxb4 Ne2 42. Kd2 Nd4 43. a4 Kg3 44. Bd7 h3 45. Bxh3 Kxh3 46. a5 Kg3 47. Ke3 h4 48. Rb8 Nc2+ 49. Kd2 Nd4 50. Rh8 h3 51. Ke3 Nc2+ 52. Kd2 Nd4 53. Ke3 Nc2+ 54. Kd2 Na3 55. Ke3 Nc4+ 56. Ke2 Nxa5 57. Rg8+ Kh2 58. Kf2 Nc4 59. Rh8 Nd3+ 60. Ke2 Nf4+ 61. Kf2 Nb2 62. Ke3 Nd1+ 63. Kd2 Nf2 64. Ke3 Kg1 65. Rg8+ Ng2+ 66. Ke2 h2 67. Rh8 h1=Q 68. Rxh1+ Kxh1 69. Kxf2 Kh2 70. Ke2 Kg3 71. Kd3 Kxf3 72. Kc4 Kxe4 73. Kb5 Kxd5 0-1


[Site "https://www.chess.com"]

[Event "Titled Tuesday Blitz February 22 Early 2022"]
[White "Novikov, Evgenij"]
[Black "Bernadskiy, Vitaliy"]
[WhiteFideId "4125380"]
[BlackFideId "14100371"]
[WhiteElo "2242"]
[BlackElo "2473"]
[Result "0-1"]
[Round "03"]
[TimeControl "180+1"]
[Date "2022.02.22"]
[WhiteClock "0:00:04"]
[BlackClock "0:00:17"]

1. e4 d5 2. exd5 Nf6 3. d4 Nxd5 4. Nf3 Bg4 5. h3 Bh5 6. Be2 e6 7. O-O Be7 8. c4 Nb6 9. Qb3 Nc6 10. Be3 O-O 11. Nbd2 a5 12. a3 Bg6 13. Qc3 a4 14. Ne5 Nxe5 15. dxe5 Nd7 16. Rfe1 Bc5 17. Nf3 Bxe3 18. Qxe3 Qe7 19. Rad1 Nc5 20. Nd4 c6 21. Nf3 Rfd8 22. Rd4 Rxd4 23. Nxd4 Rd8 24. Nf3 Bc2 25. Rc1 Bb3 26. h4 h6 27. h5 b6 28. g4 Rd7 29. Kh2 Qd8 30. Rg1 Bd1 31. g5 Bxe2 32. Qxe2 hxg5 33. Rxg5 Rd3 34. h6 g6 35. Rg4 Qf8 36. Kg2 Qxh6 37. Ng5 Qh5 38. f4 Rd2 39. Qxd2 Qxg4+ 40. Kh2 Kg7 41. Qd8 Qxf4+ 42. Kh3 Qf5+ 43. Kh2 Qxe5+ 44. Kh3 Qf5+ 45. Kh2 Qc2+ 46. Kh3 Qd3+ 47. Kh2 Qxd8 0-1


[Site "https://www.chess.com"]

[Event "Titled Tuesday Blitz February 22 Early 2022"]
[White "Nugumanov, Bakhtiyar"]
[Black "Safin, Robert"]
[WhiteFideId "13701797"]
[BlackFideId "34189120"]
[WhiteElo "2262"]
[BlackElo "2222"]
[Result "1-0"]
[Round "03"]
[TimeControl "180+1"]
[Date "2022.02.22"]
[WhiteClock "0:01:05"]
[BlackClock "0:01:40"]

1. Nf3 Nc6 2. d4 Nf6 3. g3 h5 4. Bg2 d5 5. c4 Bf5 6. Nc3 e6 7. h4 dxc4 8. Qa4 Qd7 9. Qxc4 Nb4 10. O-O Nc2 11. Ne5 Qxd4 12. Qb5+ c6 13. Qxb7 Rd8 14. Qxf7# 1-0


[Site "https://www.chess.com"]

[Event "Titled Tuesday Blitz February 22 Early 2022"]
[White "Obolentseva, Alexandra"]
[Black "Loy, Konstantin"]
[WhiteFideId "24153648"]
[BlackFideId "14122499"]
[WhiteElo "2113"]
[BlackElo "2084"]
[Result "1-0"]
[Round "03"]
[TimeControl "180+1"]
[Date "2022.02.22"]
[WhiteClock "0:00:39"]
[BlackClock "0:00:07"]

1. d4 Nf6 2. c4 c5 3. d5 b5 4. cxb5 a6 5. bxa6 g6 6. Nc3 Bg7 7. e4 O-O 8. Nf3 Qa5 9. Be2 Nxe4 10. O-O Nxc3 11. bxc3 Bxc3 12. Bd2 Bxd2 13. Nxd2 Bxa6 14. Nb3 Qc7 15. Re1 d6 16. Qd2 Bxe2 17. Rxe2 Na6 18. Rae1 Rfe8 19. Qg5 Ra7 20. h4 Nb4 21. h5 Qd7 22. h6 f6 23. Qh4 Qf5 24. Re6 Nxd5 25. Rxd6 Rxa2 26. Nxc5 Nf4 27. Rxf6 1-0


[Site "https://www.chess.com"]

[Event "Titled Tuesday Blitz February 22 Early 2022"]
[White "Omariev, Maksim"]
[Black "Butti, Enrique"]
[WhiteFideId "4193423"]
[BlackFideId "3700470"]
[WhiteElo "2505"]
[BlackElo "2080"]
[Result "1-0"]
[Round "03"]
[TimeControl "180+1"]
[Date "2022.02.22"]
[WhiteClock "0:00:22"]
[BlackClock "0:00:29"]

1. e4 c5 2. Nf3 d6 3. d4 cxd4 4. Nxd4 Nf6 5. Nc3 a6 6. h3 e6 7. g4 h6 8. Bg2 g5 9. Be3 Nbd7 10. Qe2 Ne5 11. O-O-O Bd7 12. f4 gxf4 13. Bxf4 Rc8 14. Rhf1 Rxc3 15. bxc3 Qa5 16. Kb2 Be7 17. Nb3 Qc7 18. g5 Nc4+ 19. Ka1 hxg5 20. Bxg5 Ng8 21. Bxe7 Nxe7 22. Qf2 Ne5 23. Rd3 N7g6 24. Rg3 Bb5 25. Rd1 Rh4 26. Qf6 Rf4 27. Qg5 Rf2 28. Rd2 Rxd2 29. Qxd2 Nc4 30. Qd4 Nge5 31. Bf1 Bd7 32. h4 Ke7 33. h5 Qc8 34. h6 1-0


[Site "https://www.chess.com"]

[Event "Titled Tuesday Blitz February 22 Early 2022"]
[White "Omelja, Artem"]
[Black "Lenderman, Aleksandr"]
[WhiteFideId "14119846"]
[BlackFideId "2021285"]
[WhiteElo "2418"]
[BlackElo "2651"]
[Result "0-1"]
[Round "03"]
[TimeControl "180+1"]
[Date "2022.02.22"]
[WhiteClock "0:00:07"]
[BlackClock "0:00:11"]

1. d4 d5 2. c4 e6 3. Nc3 a6 4. cxd5 exd5 5. Nf3 c6 6. Bg5 Be7 7. Bxe7 Nxe7 8. e3 O-O 9. Bd3 Bf5 10. O-O Nd7 11. Rc1 Re8 12. h3 Bxd3 13. Qxd3 Nf6 14. Nd2 Nc8 15. Na4 Nd6 16. Nc5 a5 17. a4 Qb6 18. Rc3 Qc7 19. Rfc1 Qe7 20. Rb3 Reb8 21. Qe2 g6 22. Qf3 Kg7 23. Nd3 Nfe4 24. Qe2 Nxd2 25. Qxd2 f6 26. Nc5 g5 27. Qd3 Rf8 28. Rb6 Ra7 29. Rb3 Rf7 30. Rbc3 f5 31. Re1 Ne4 32. Rc2 Ra8 33. Qb3 g4 34. Nd3 gxh3 35. g3 h5 36. Kh2 h4 37. gxh4 Qxh4 38. Rg1+ Kh7 39. f3 Ng5 40. Ne5 Rg7 41. Qd3 Rf8 42. Rg3 Rf6 43. Qf1 Qh5 44. f4 Ne4 45. Rxh3 Rh6 46. Nf3 Qxh3+ 47. Qxh3 Rxh3+ 48. Kxh3 Rg3+ 0-1


[Site "https://www.chess.com"]

[Event "Titled Tuesday Blitz February 22 Early 2022"]
[White "Oparin, Grigoriy"]
[Black "Pultinevicius, Paulius"]
[WhiteFideId "24125890"]
[BlackFideId "12809390"]
[WhiteElo "2685"]
[BlackElo "2413"]
[Result "0-1"]
[Round "03"]
[TimeControl "180+1"]
[Date "2022.02.22"]
[WhiteClock "0:00:08"]
[BlackClock "0:00:04"]

1. d4 Nf6 2. c4 g6 3. Nf3 Bg7 4. g3 O-O 5. Bg2 c6 6. O-O d5 7. a4 a5 8. Nc3 dxc4 9. e4 Na6 10. Qe2 Nb4 11. Rd1 b6 12. Ne5 Ba6 13. Nxc4 Ne8 14. b3 Bxd4 15. e5 c5 16. Bh6 Ng7 17. Nb5 Bxb5 18. axb5 Ra7 19. Rac1 Rd7 20. h4 Re8 21. Bxg7 Kxg7 22. Rd2 Qc7 23. Rcd1 Red8 24. Kh2 e6 25. h5 Nd5 26. Qg4 Bxe5 27. Qg5 Bf6 28. h6+ Kg8 29. Qg4 Bd4 30. Rd3 Bh8 31. Re1 Nf6 32. Qg5 Rxd3 33. f4 Rxb3 34. Bh3 Rc3 35. Rxe6 Rc2+ 36. Bg2 fxe6 37. Ne3 Rxg2+ 38. Nxg2 Qf7 39. f5 exf5 40. Qf4 Ng4+ 41. Kh3 Nf6 42. Nh4 Rf8 43. Qf3 Qe6 44. Qb7 f4+ 45. Kh2 Qe2+ 46. Kh3 Qe4 47. Qxe4 Nxe4 48. gxf4 Rxf4 0-1


[Site "https://www.chess.com"]

[Event "Titled Tuesday Blitz February 22 Early 2022"]
[White "Oro, Luis"]
[Black "Djokic, Mihailo"]
[WhiteFideId "104094"]
[BlackFideId "976440"]
[WhiteElo "2295"]
[BlackElo "2008"]
[Result "0-1"]
[Round "03"]
[TimeControl "180+1"]
[Date "2022.02.22"]
[WhiteClock "0:00:03"]
[BlackClock "0:01:43"]

1. e4 c5 2. Nf3 d6 3. d4 cxd4 4. Nxd4 Nf6 5. Nc3 g6 6. f3 Nc6 7. Be3 Bg7 8. Qd2 O-O 9. O-O-O Bd7 10. g4 Rc8 11. h4 Ne5 12. h5 Qa5 13. Kb1 Nxf3 14. Nxf3 Rxc3 15. Qxc3 Qxc3 16. bxc3 Bxg4 17. Be2 Nxe4 18. Bd4 e5 19. Bd3 Bxf3 20. Rhf1 exd4 21. Rxf3 Nxc3+ 22. Kc1 Nxd1 23. Kxd1 Re8 24. hxg6 hxg6 25. Bc4 Re7 26. Bd5 b6 27. a4 Be5 28. Kd2 Kg7 29. Kd3 f5 30. Kc4 Kf6 31. Kd3 Rc7 32. Bc4 g5 33. Rf1 g4 34. Bb3 Rc3+ 35. Kd2 Kg5 36. Be6 Bf4+ 37. Kd1 g3 38. Rh1 g2 39. Rg1 Rg3 40. Bd5 Be3 41. Rxg2 f4 42. Rxg3+ fxg3 43. Ke2 Kf4 44. Bf3 a6 45. Bg2 Kg4 46. Kd3 b5 47. axb5 axb5 48. c3 dxc3 49. Kxe3 b4 50. Kd3 Kf4 51. Kc4 c2 0-1


[Site "https://www.chess.com"]